 Dungeon Crawl Stone Soup version 0.28.0-53-g5a82cb258f (webtiles) character file.

Game seed: 204510185359287301

4388 styxcanada the Covert (level 10, -1/49 HPs)
             Began as a Spriggan Brigand on Aug 9, 2022.
             Was an Initiate of Gozag.
             Slain by a cane toad (5 damage)
             ... on level 1 of the Lair of Beasts.
             The game lasted 00:55:18 (8973 turns).

styxcanada the Covert (Spriggan Brigand)            Turns: 8973, Time: 00:55:18

Health: -1/49      AC:  9    Str:  7    XL:     10   Next: 13%
Magic:  17/19      EV: 26    Int: 12    God:    Gozag
Gold:   182        SH:  0    Dex: 22    Spells: 15/20 levels left

rFire   . . .      SeeInvis +   i - +3 short sword (freeze)
rCold   . . .      Faith    .   (no shield)
rNeg    . . .      Spirit   .   B - +1 steam dragon scales
rPois   +          Reflect  .   (helmet restricted)
rElec   .          Harm     .   v - +2 cloak {rPois}
rCorr   .          Rampage  .   (gloves unavailable)
Will    +....                   (boots unavailable)
Stlth   +++++++++.              l - amulet of regeneration
HPRegen 0.96/turn               E - +4 ring of evasion
MPRegen 0.16/turn               G - ring of Shadows {Umbra +Inv Stlth+}

@: lethally poisoned (-1 -> -1), wreathed by umbra, very quick
A: very small, no large weapons, unfitting armour, see invisible, speed 3
a: Renounce Religion, Evoke Invisibility, Potion Petition, Call Merchant, Bribe
Branch


You were on level 1 of the Lair of Beasts.
You worshipped Gozag.
Gozag was aware of your devotion.
You visited 3 branches of the dungeon, and saw 11 of its levels.
You also visited: Ossuary.

You collected 1117 gold pieces.
You spent 149 gold pieces at shops.
You paid 786 gold pieces to Gozag.

Inventory:

Hand Weapons
 i - a +3 short sword of freezing (weapon)
 r - a +1 vorpal hunting sling
 x - a +5 dagger of protection
Missiles
 d - 7 poisoned darts (quivered)
 e - 2 curare-tipped darts
 k - 82 sling bullets
 q - 93 stones
Armour
 v - a +2 cloak of poison resistance (worn)
 B - +1 steam dragon scales (worn)
Jewellery
 j - a ring of protection from fire
 l - an amulet of regeneration (around neck)
 E - a +4 ring of evasion (left hand)
 G - the ring of Shadows (right hand) {Umbra +Inv Stlth+}
   (You found it on level 1 of the Lair of Beasts)

   [ring of stealth]

   It surrounds you with an aura of shadow, increasing your stealth and reducing
   the accuracy of all others within it.
   +Inv:      It lets you turn invisible.
   Stlth:     It makes you more stealthy.
Wands
 a - a wand of mindburst (12)
 c - a wand of iceblast (3)
Scrolls
 g - 2 scrolls of blinking
 h - 2 scrolls of identify
 m - a scroll of teleportation
 n - a scroll of immolation
 p - a scroll of fear
 A - a scroll of magic mapping
Potions
 b - 2 potions of curing
 f - a potion of lignification
 t - 3 potions of ambrosia
 u - a potion of resistance
 z - a potion of brilliance
 C - 2 potions of flight
 D - a potion of heal wounds


   Skills:
 + Level 3.4 Fighting
 + Level 5.3 Short Blades
 + Level 4.5(5.4) Slings
 + Level 3.5(4.3) Throwing
 * Level 6.5 Dodging
 * Level 11.5 Stealth
 * Level 5.5 Spellcasting
 * Level 1.8 Conjurations
 * Level 2.3 Hexes
 * Level 4.0 Air Magic
 * Level 4.4 Poison Magic
 * Level 4.3 Evocations


You had 15 spell levels left.
You knew the following spells:

 Your Spells              Type           Power      Damage    Failure   Level
a - Poisonous Vapours     Pois/Air       26%        N/A       4%          2
b - Dazzling Flash        Conj/Hex       16%        N/A       24%         3

Your spell library contained the following spells:

 Spells                   Type           Power      Damage    Failure   Level
 Corpse Rot               Necr/Air       16%        N/A       12%         2
 Beastly Appendage        Tmut           6%         N/A       19%         1
 Spider Form              Tmut/Pois      8%         N/A       22%         3
 Scorch                   Fire           6%         2d5       28%         2
 Wereblood                Tmut           3%         N/A       28%         2
 Flame Wave               Conj/Fire      5%         2d5       78%         4
 Iskenderun's Mystic Bla  Conj/Tloc      5%         2d3       78%         4
 Iskenderun's Battlesphe  Conj           7%         2d6       94%         5
 Fireball                 Conj/Fire      2%         3d4       98%         5
 Conjure Ball Lightning   Conj/Air       5%         3x3d6     100%        6
 Starburst                Conj/Fire      2%         6d3       100%        6
 Summon Cactus Giant      Summ           1%         N/A       100%        6
 Orb of Destruction       Conj           3%         9d5       100%        7


Dungeon Overview and Level Annotations

Branches:
Dungeon (9/15)             Temple (1/1) D:6            Lair (1/6) D:8
Ossuary (visited)
    Orc: D:9-12

Altars:
Ashenzari
Dithmenos
Elyvilon
Fedhas
Gozag
Hepliaklqana
Kikubaaqudgha
Nemelex Xobeh
Okawaru
Sif Muna
Trog
Uskayaw
Yredelemnul
Zin
The Shining One

Shops:
D:2 *   D:3 =   D:6 (   D:8 ?   Lair:1 *

Annotations:
Lair:1 2 transporters, ratmagoo's ghost, journeyman GrEE


Innate Abilities, Weirdness & Mutations

You are very small and have problems with some larger weapons.
You are too small for most types of armour.
You have supernaturally acute eyesight. (SInv)
You cover ground extremely quickly. (Speed+++)


Message History

You feel sick. The cane toad stings you!
You barely miss the cane toad.
The cane toad is moderately wounded.
You feel sick. The cane toad stings you.
You are more poisoned.
The cane toad poisons you!
You barely miss the cane toad.
The cane toad is moderately wounded.
You feel very sick. The cane toad closely misses you.
The yak barely misses you.
Casting: Dazzling Flash (dangerous; 24% risk of failure)
Confirm with . or Enter, or press ? or * to list all spells.
Casting: Dazzling Flash (dangerous; 24% risk of failure)
Press: ? - help, Dir - look around, f - activate The yak is dazzled.
* * * LOW HITPOINT WARNING * * *
You feel very sick. The cane toad closely misses you.
The yak barely misses you.
Unknown command.
You feel sick.
You feel very sick.
You feel sick.
You feel sick.
Throw: 8 darts (poison)
Press: ? - help, Q - select action, (/) - cycle Shift-Dir - straight line, f - cane toad
Aim: a cane toad (moderately wounded, umbra, 69% to hit)
You throw a poisoned dart.
The poisoned dart completely misses the cane toad.
The poisoned dart hits the yak!
The yak is poisoned.
You feel sick.
The yak is no longer blind.
You feel sick.
You feel sick.
You feel sick.
You feel sick.
You feel sick.
You feel sick.
You feel sick.
You feel sick. The cane toad stings you.
You die...
Your body crumbles into a pile of gold.

..............Y....#
.........#.######..#
.....####### #..# .....
#####Y.# ...# #..##Y.##
... ##..Y...# #....###
####F..## #P.#@..##.##
#..........# .# ####
#..........# .
##..###..........#
#................# #
#.≈≈≈≈...........#
#######.≈≈≈≈...........##
#.##....≈♣♣≈...........P#
#.......≈♣♣≈.###....#####


You could see 3 yaks and a cane toad.

Vanquished Creatures
  2 death yaks (D:8)
  Maggie (D:9)
  A wyvern (D:9)
  Menkaure (D:6)
  Duvessa (D:4)
  5 water moccasins
  An ice beast (D:6)
  A black bear (D:5)
  2 necrophages
  An ogre (D:6)
  A centaur (D:8)
  3 bullfrogs
  3 scorpions
  A wyvern skeleton (D:7)
  Dowan (D:4)
  5 wights (D:7)
  A centaur skeleton (D:7)
  2 centaur zombies
  2 jellies
  6 orc priests
  A gnoll shaman (D:8)
  An iguana (D:2)
  An orc wizard (D:5)
  2 hell rats (D:7)
  8 mummies (Ossuary)
  A howler monkey zombie (D:6)
  7 gnolls
  2 howler monkey skeletons
  16 adders
  A river rat (D:8)
  A white imp (D:6)
  2 ufetubi (D:6)
  An adder skeleton (D:4)
  4 dart slugs
  9 orcs
  5 bats
  7 endoplasms
  A giant cockroach (D:2)
  4 goblins
  2 hobgoblins (D:2)
  7 jackals
  5 kobolds
  2 quokkas
  6 ball pythons
  3 frilled lizards
  A gnoll zombie (Ossuary)
  2 hobgoblin zombies (Ossuary)
  A kobold zombie (Ossuary)
  4 orc zombies (Ossuary)
  5 rats
153 creatures vanquished.

Vanquished Creatures (others)
  5 fungi (Lair:1)
  7 plants (Lair:1)
12 creatures vanquished.

Grand Total: 165 creatures vanquished

Notes
Turn   | Place    | Note
-------+----------+-------------------------------------------
     0 | D:1      | styxcanada the Spriggan Brigand began the quest for the
                  | Orb.
     0 | D:1      | Reached XP level 1. HP: 10/10 MP: 2/2
    72 | D:1      | Found a faded altar of an unknown god.
    78 | D:1      | Reached skill level 6 in Stealth
   645 | D:1      | Reached XP level 2. HP: 4/14 MP: 3/3
  1420 | D:2      | Found Hymogrog's General Store.
  1422 | D:2      | Reached skill level 7 in Stealth
  1432 | D:2      | Bought a potion of degeneration for 13 gold pieces
  1464 | D:2      | Reached XP level 3. HP: 11/18 MP: 3/5
  1507 | D:2      | Reached skill level 1 in Spellcasting
  1659 | D:2      | Learned a level 2 spell: Poisonous Vapours
  1748 | D:2      | Reached XP level 4. HP: 23/23 MP: 6/6
  2406 | D:3      | Found Hyrchex's Jewellery Shoppe.
  2481 | D:3      | Reached XP level 5. HP: 26/26 MP: 8/8
  2540 | D:3      | Reached skill level 8 in Stealth
  2978 | D:4      | Found a broken altar of Ashenzari.
  2993 | D:4      | Noticed Duvessa
  2993 | D:4      | Noticed Dowan
  3140 | D:4      | Found an iron altar of Okawaru.
  3172 | D:4      | Killed Duvessa
  3173 | D:4      | Reached skill level 1 in Poison Magic
  3173 | D:4      | Reached XP level 6. HP: 30/30 MP: 9/9
  3219 | D:4      | Reached skill level 1 in Air Magic
  3408 | D:4      | Killed Dowan
  3443 | D:4      | Reached skill level 9 in Stealth
  3684 | D:4      | Found a faded altar of an unknown god.
  3684 | D:4      | Found a hazy altar of Hepliaklqana.
  3691 | D:4      | Found a faded altar of an unknown god.
  3693 | D:4      | Found a basalt altar of Yredelemnul.
  3695 | D:4      | Found a shimmering blue altar of Sif Muna.
  3852 | D:5      | Entered Level 5 of the Dungeon
  3887 | D:5      | Reached skill level 1 in Slings
  3887 | D:5      | Reached XP level 7. HP: 35/35 MP: 11/11
  4565 | D:6      | Noticed Menkaure
  4587 | D:6      | Killed Menkaure
  4817 | D:6      | Reached XP level 8. HP: 39/39 MP: 5/14
  4891 | D:6      | Found a staircase to the Ecumenical Temple.
  4938 | Temple   | Entered the Ecumenical Temple
  4982 | Temple   | Became a worshipper of Gozag Ym Sagoz the Greedy
  5048 | D:6      | Reached skill level 10 in Stealth
  5048 | D:6      | Reached skill level 1 in Evocations
  5260 | D:6      | Found Hazy's Weapon Shoppe.
  5775 | D:7      | Found a sand-covered staircase.
  5784 | Ossuary  | Entered an ossuary
  6118 | D:7      | You fall into a shaft and drop 2 floors!
  6121 | D:9      | Reached skill level 5 in Dodging
  6131 | D:9      | Noticed Maggie
  6173 | D:9      | Killed Maggie
  6174 | D:9      | Reached XP level 9. HP: 33/44 MP: 10/16
  6321 | D:8      | Reached skill level 11 in Stealth
  6482 | D:8      | Noticed a death yak
  6483 | D:8      | Noticed a death yak
  6484 | D:8      | Found a staircase to the Lair.
  6485 | D:8      | Noticed a death yak
  6564 | D:7      | Learned a level 3 spell: Dazzling Flash
  6599 | D:7      | Found a blossoming altar of Fedhas.
  7316 | D:8      | Found Ethu's Magic Scroll Boutique.
  7323 | D:8      | Bought a scroll of enchant weapon for 97 gold pieces
  7323 | D:8      | Bought a scroll of identify for 26 gold pieces
  7323 | D:8      | Bought a scroll of noise for 13 gold pieces
  7854 | D:8      | Killed a death yak
  7855 | D:8      | Reached skill level 5 in Short Blades
  7855 | D:8      | Reached skill level 1 in Conjurations
  7855 | D:8      | Reached skill level 1 in Hexes
  8160 | D:8      | Killed a death yak
  8161 | D:8      | Reached skill level 5 in Spellcasting
  8591 | Lair:1   | Entered Level 1 of the Lair of Beasts
  8618 | Lair:1   | Found the ring of Shadows {Umbra +Inv Stlth+}
  8630 | Lair:1   | Reached XP level 10. HP: 49/49 MP: 19/19
  8885 | Lair:1   | Found a transporter.
  8885 | Lair:1   | Noticed a cane toad
  8908 | Lair:1   | Noticed ratmagoo's ghost (journeyman GrEE)
  8913 | Lair:1   | Found a transporter.
  8919 | Lair:1   | Noticed a cane toad
  8973 | Lair:1   | Slain by a cane toad

Illustrated notes

Levels and vault maps discovered:
D:1:      dpeg_arrival_short_road, layout_loops_ring,
          ebering_ecumenical_altar_abandoned
D:2:      layout_loops_ring, serial_shops,
          nicolae_shop_competitors_out_of_business,
          minmay_misc_feat_four_crosses
D:3:      layout_rooms, serial_shops, nicolae_shop_statue_plus
D:4:      layout_cave_pools, chequers_temple_overflow_minitemple,
          mainiacjoe_overflow_boulevard, kennysheep_little_box, uniq_duvessa
D:5:      layout_loops_cross
D:6:      layout_loops_ring, temple_pool_b, serial_shops, nicolae_square_shop,
          uniq_menkaure
D:7:      layout_loops_ring, fedhas_altar_2,
          lightli_ossuary_entry_decrepit_ruins, amethyst_killhole
D:8:      layout_basic, dpeg_lair_monsters, serial_shops, shop
D:9:      layout_basic, uniq_maggie
Temple:   nicolae_temple_god_jail
Lair:1:   layout_gridlike, gammafunk_ghost_arena,
          chequers_serial_rivers_micro_a, cheibrodos_lair_reptile_den

Skill      XL: |  1  2  3  4  5  6  7  8  9 |
---------------+----------------------------+-----
Stealth        | 6 7 8 9 10 11 | 11.5
Spellcasting   | 1 2 3 4 5 |  5.5
Dodging        | 2 3 5 6 |  6.5
Fighting       | 2 3 |  3.4
Poison Magic   | 1 2 3 4 |  4.4
Air Magic      | 1 2 3 4 |  4.0
Short Blades   | 3 4 5 |  5.3
Slings         | 1 2 3 4 |  4.5
Throwing       | 3 |  3.5
Evocations     | 3 4 |  4.3
Conjurations   | 1 |  1.8
Hexes          | 2 |  2.3

Action                   |  1- 3 |  4- 6 |  7- 9 | 10-12 || total
-------------------------+-------+-------+-------+-------++-------
Melee: Dagger            |   101 |    99 |   299 |       ||   499
       Punch             |     3 |       |     5 |       ||     8
       Short sword       |       |     8 |    58 |    69 ||   135
 Fire: Hunting sling     |       |    17 |   102 |       ||   119
Throw: Dart              |     8 |    25 |    28 |     1 ||    62
       Stone             |       |     1 |       |       ||     1
 Cast: Poisonous Vapours |       |     2 |    45 |     1 ||    48
       Dazzling Flash    |       |       |       |     2 ||     2
Invok: Call Merchant     |       |       |       |     1 ||     1
Evoke: Wand              |       |       |     2 |       ||     2
  Use: Scroll            |       |    12 |    10 |     1 ||    23
       Potion            |       |     2 |       |       ||     2
 Stab: Sleeping          |     8 |    14 |    11 |     3 ||    36
       Distracted        |       |       |     2 |     1 ||     3
Armor: Robe              |    18 |    10 |    16 |       ||    44
       Steam dragon scal |       |       |    23 |     5 ||    28
Dodge: Dodged            |    69 |    61 |   253 |    41 ||   424
